 Dungeon Crawl Stone Soup version 0.30-a0-743-gbfdf073431 (webtiles) character file.

Game seed: 3645844540307630454

4 scionoferis the Vexing (level 1, -1/16 HPs)
             Began as a Demigod Hexslinger on Feb 5, 2023.
             Slain by a quokka (4 damage)
             ... on level 1 of the Dungeon.
             The game lasted 00:00:35 (173 turns).

scionoferis the Vexing (Demigod Hexslinger)          Turns: 173, Time: 00:00:36

Health: -1/16      AC:  2    Str: 11    XL:     1   Next: 40%
Magic:  4/4        EV: 12    Int: 15    God:
Gold:   13         SH:  0    Dex: 14    Spells: 1/2 levels left

rFire   . . .      SeeInvis .    a - +2 mace (drain)
rCold   . . .      Faith    .    (no shield)
rNeg    . . .      Spirit   .    c - +0 robe
rPois   .          Reflect  .    (no helmet)
rElec   .          Harm     .    (no cloak)
rCorr   .          Rampage  .    (no gloves)
Will    .....                    (no boots)
Stlth   +                        (no amulet)
HPRegen 0.22/turn                (no ring)
MPRegen 0.09/turn                (no ring)

@: no status effects
A: high MP 1, forlorn, divine attributes
a: no special abilities


You were on level 1 of the Dungeon.
You visited 1 branch of the dungeon, and saw 1 of its levels.

You collected 13 gold pieces.


Innate Abilities, Weirdness & Mutations

You have an increased reservoir of magic. (+10% MP)
You shall have no god before yourself.
Your divine heritage dramatically boosts your attributes as you level up.


   Skills:
 + Level 1.0 Fighting
 - Level 1.7 Ranged Weapons
 * Level 2.0 Dodging
 + Level 0.2 Stealth
 - Level 1.0 Spellcasting
 - Level 2.6 Hexes


You had one spell level left.
You knew the following spells:

 Your Spells              Type           Power      Damage    Failure   Level
a - Slow                  Hex            32%        N/A       9%          1

Your spell library contained the following spells:

 Spells                   Type           Power      Damage    Failure   Level
 Inner Flame              Hex/Fire       4%         N/A       38%         3
 Portal Projectile        Hex/Tloc       8%         N/A       38%         3
 Cause Fear               Hex            4%         N/A       63%         4

Inventory:

Hand Weapons
 a - a +2 mace of draining (weapon)
   (You found it on level 1 of the Dungeon)
 b - a +1 sling
Armour
 c - a +0 robe (worn)
Scrolls
 e - a scroll of silence {unknown}
 f - a scroll of poison
 g - a scroll of enchant armour {unknown}
Potions
 d - 2 potions of ambrosia {unknown}

Dungeon Overview and Level Annotations

Branches:
Dungeon (1/15)

# ### #.#.. ####
.#.## ... .g. ..
#r### #.#####.
#@#.. ........
#.#.# #.#####.
#.#.# ........
#.#.# ##########..
#.#.# #........#..
#.#.###.######.###
#.....#.# #.....
#####.#.#.# #..###
#.......#.# #.....


You could see a quokka (very drained) and a hobgoblin.


Message History

Welcome, scionoferis the Demigod Hexslinger.
They say the Orb of Zot lies within this dungeon, but they say a lot of things.
Press ? for a list of commands and other information.
Found 13 gold pieces.
Found a staircase leading out of the dungeon.
There is an empty arch of ancient stone here.
You now have 13 gold pieces.
d - 2 fizzy orange potions A rat comes into view.
You shoot a sling bullet. The sling bullet hits the rat.
You kill the rat!
No target in view!
No target in view!
You see here a +2 mace of draining.
e - a scroll labelled BUOJIT MIRPHUG You see here a +2 mace of draining.
f - a +2 mace of draining Adjust to which letter? (? for menu, Esc to quit)
a - a +2 mace of draining;
f - a +1 sling (weapon)
Adjust to which letter? (? for menu, Esc to quit)
b - a +1 sling (weapon);
f - a scroll of poison You sense an unholy aura.
a - a +2 mace of draining (weapon)
b - a +1 sling (weapon)
A ball python comes into view.
You shoot a sling bullet. The sling bullet hits the ball python!
You kill the ball python!
No target in view!
No target in view!
A hobgoblin comes into view.
You shoot a sling bullet. The sling bullet hits the hobgoblin.
The hobgoblin shouts!
The hobgoblin is heavily wounded.
You sense an unholy aura.
a - a +2 mace of draining (weapon)
The hobgoblin misses you.
You hit the hobgoblin.
You kill the hobgoblin!
Your Fighting skill increases to level 1!
No target in view!
b - a +1 sling (weapon)
Found a ring mail.
Found a club.
g - a scroll labelled FEACI WEIGEBICW A hobgoblin comes into view.
You shoot a sling bullet. The sling bullet hits the hobgoblin.
The hobgoblin is severely wounded.
You shoot a sling bullet. The sling bullet hits the hobgoblin.
You kill the hobgoblin!
Your Dodging skill increases to level 2!
No target in view!
No target in view!
A hobgoblin comes into view.
You shoot a sling bullet.
The sling bullet hits the hobgoblin but does no damage.
A quokka comes into view.
You shoot a sling bullet. The sling bullet hits the quokka.
The quokka is heavily wounded.
The quokka bites you.
You shoot a sling bullet. The sling bullet misses the quokka.
The sling bullet hits the hobgoblin.
The hobgoblin is severely wounded.
The quokka closely misses you. x2
You sense an unholy aura.
a - a +2 mace of draining (weapon)
The quokka bites you.
You closely miss the quokka.
The quokka is heavily wounded.
The quokka bites you.
You closely miss the quokka.
The quokka is moderately wounded.
The quokka closely misses you. The quokka bites you.
You are too injured to fight recklessly!
You are too injured to fight recklessly!
You closely miss the quokka.
The quokka is moderately wounded.
The quokka misses you. The quokka bites you.
* * * LOW HITPOINT WARNING * * *
You hit the quokka but do no damage. You drain the quokka.
The quokka is almost dead.
The quokka bites you.
You die...

Skill      XL: |  1 |
---------------+----+-----
Fighting       | 1 |  1.0
Dodging        | 2 |  2.0
Ranged Weapons | |  1.7
Stealth        | |  0.2
Spellcasting   | |  1.0
Hexes          | |  2.6

Action                     || total
---------------------------++-------
  Melee: Mace              ||     5
   Fire: Sling             ||     8
  Dodge: Dodged            ||     5

Levels and vault maps discovered:
D:1:      heliophobic_arrival_enchanted_forest, layout_basic

Notes
Turn   | Place    | Note
-------+----------+-------------------------------------------
     0 | D:1      | scionoferis the Demigod Hexslinger began the quest for the
                  | Orb.
     0 | D:1      | Reached XP level 1. HP: 15/15 MP: 4/4
    79 | D:1      | Reached skill level 1 in Fighting
   147 | D:1      | Reached skill level 2 in Dodging
   173 | D:1      | Slain by a quokka

Vanquished Creatures
  2 hobgoblins (D:1)
  A ball python (D:1)
  A rat (D:1)
4 creatures vanquished.

Table legend: (Time is in decaauts)
 A = Elapsed time spent in this place.
 B = Non-inter-level travel time spent in this place.
 C = Inter-level travel time spent in this place.
 D = Time resting spent in this place.
 E = Time spent auto-exploring this place.
 F = Levels seen in this place.
 G = Mean time per level.
                   A        B        C        D        E       F      G
               +--------+--------+--------+--------+--------+-----+--------+
         Total |    174 |    169 |      5 |      0 |    139 |   1 |  174.0 |
       Dungeon |    174 |    169 |      5 |      0 |    139 |   1 |  174.0 |
               +--------+--------+--------+--------+--------+-----+--------+

Top non-repeatable levels by time:
     D:1: 174 daAuts

Table legend:
 A = Non-vault XP
 B = Vault XP
 C = Vault XP percentage of total XP
 D = Non-vault monster count
 E = Vault monster count
 F = Vault count percentage of total count
                 A         B        C        D         E       F
            +---------+---------+-------+---------+---------+-------
      Total |       6 |       0 |   0.0 |       4 |       0 |   0.0
            +---------+---------+-------+---------+---------+-------
        D:1 |       6 |       0 |   0.0 |       4 |       0 |   0.0
            +---------+---------+-------+---------+---------+-------
